 Dungeon Crawl Stone Soup version 0.15-a0-1936-gbed3715 (webtiles) character file.

25585 PolkaDot the Unseen (level 12, -10/74 HPs)
             Began as a Vampire Enchanter on July 8, 2014.
             Was a High Priest of Dithmenos.
             Mangled by a death yak (26 damage)
             ... on Level 4 of the Lair of Beasts.
             The game lasted 01:16:57 (15552 turns).

PolkaDot the Unseen (Vampire Enchanter)            Turns: 15552, Time: 01:16:57

HP -10/74        AC  8     Str  7      XL: 12   Next: 90%
MP  21/27        EV 12     Int 23      God: Dithmenos [*****.]
Gold 654         SH  0     Dex 16      Spells:  5 memorised,  1 level left

rFire  + . .     SeeInvis +     e - +3 dagger (venom)
rCold  + + .     Clarity  +     J - +1 leather armour "Blaet" {+Inv}
rNeg   + + +     rCorr    .     (no shield)
rPois  +         rRot     +     (no helmet)
rElec  .         Spirit   .     n - +0 cloak
SustAb .         Warding  .     w - +1 pair of gloves
rMut   .         Stasis   .     z - +0 pair of boots
Gourm  .                        C - amulet of clarity
MR     +....                    c - +2 ring of dexterity
                                D - ring of magical power

@: very slightly contaminated, regenerating slowly, wreathed by umbra, somewhat
resistant to hostile enchantments, extraordinarily stealthy
A: bottle blood, fangs 3, see invisible, clever 1, fire resistance 1,
unbreathing
a: Bat Form, Bottle Blood, Shadow Step, Shadow Form, Renounce Religion, Evoke
Invisibility


You were on level 4 of the Lair of Beasts.
You worshipped Dithmenos.
Dithmenos was extremely pleased with you.
You were near bloodless.

You visited 2 branches of the dungeon, and saw 14 of its levels.

You collected 720 gold pieces.
You spent 66 gold pieces at shops.

Inventory:

Hand weapons
 e - a +3 dagger of venom (weapon)
Missiles
 A - 2 throwing nets (quivered)
Armour
 n - a +0 cloak (worn)
 w - a +1 pair of gloves (worn)
 z - a +0 pair of boots (worn)
 J - the +1 leather armour "Blaet" (worn) {+Inv}
   (You found it on level 2 of the Lair of Beasts)

   It lets you turn invisible.
Magical devices
 d - a wand of slowing (24)
 l - a wand of polymorph (11)
 y - a wand of draining (1)
 G - a wand of heal wounds (0)
 K - a wand of disintegration (6)
Scrolls
 g - 5 scrolls of remove curse
 k - a scroll of fear
 m - 2 scrolls of teleportation
 o - a scroll of recharging
 t - 2 scrolls of amnesia
 B - a scroll of silence
 E - a scroll of enchant weapon
 I - a scroll of vulnerability
Jewellery
 a - an uncursed ring of sustain abilities
 c - a +2 ring of dexterity (right hand)
 s - an uncursed amulet of resist corrosion
 u - an uncursed amulet of stasis
 C - an amulet of clarity (around neck)
 D - a ring of magical power (left hand)
Potions
 f - a potion of cancellation
 h - a potion of flight {unknown}
 q - 2 potions of restore abilities
 r - a potion of brilliance
Books
 i - a book of Ice

   Spells                             Type                      Level
   Metabolic Englaciation             Hexes/Ice                    5
   Ozocubu's Refrigeration            Ice                          6
   Bolt of Cold                       Conjuration/Ice              6
   Freezing Cloud                     Conjuration/Ice/Air          6
   Simulacrum                         Ice/Necromancy               6
 j - a book of Air

   Spells                             Type                      Level
   Shock                              Conjuration/Air              1
   Swiftness                          Charms/Air                   2
   Repel Missiles                     Charms/Air                   2
   Flight                             Charms/Air                   3
   Static Discharge                   Conjuration/Air              3
   Lightning Bolt                     Conjuration/Air              5
 F - a book of Debilitation

   Spells                             Type                      Level
   Corona                             Hexes                        1
   Slow                               Hexes                        2
   Inner Flame                        Hexes/Fire                   3
   *Enslavement                       Hexes                        4
   Cause Fear                         Hexes                        4
   Leda's Liquefaction                Hexes/Earth                  4
 H - a book of Summonings

   Spells                             Type                      Level
   Abjuration                         Summoning                    3
   Recall                             Summoning/Translocation      3
   Shadow Creatures                   Summoning                    5
   Summon Demon                       Summoning                    5
   Summon Forest                      Summoning/Translocation      5
   Monstrous Menagerie                Summoning                    6


   Skills:
 - Level 15.0 Short Blades
 - Level 4.1 Dodging
 + Level 16.4 Stealth
 - Level 2.0 Spellcasting
 * Level 16.0 Hexes
 - Level 1.1 Ice Magic
 * Level 3.4 Evocations


You had one spell level left.
You knew the following spells:

 Your Spells              Type           Power        Failure   Level  Hunger
b - Sure Blade            Hex/Chrm       #####.....   1%          2    ##.....
c - Confuse               Hex            ######..     1%          3    ###....
d - Ensorcelled Hibernat  Hex/Ice        #####.       1%          2    ##.....
e - Enslavement           Hex            ######..     1%          4    #####..
s - Dazzling Spray        Conj/Hex       #####...     1%          3    ###....


Dungeon Overview and Level Annotations

Branches:
Dungeon (10/15)            Temple (0/1) D:6             Orc (0/4) D:9
   Lair (4/8) D:8
  Swamp: Lair:3-6    Shoals: Lair:3-6     Snake: Lair:3-6    Spider: Lair:3-6

Altars:
Cheibriados
Dithmenos
Elyvilon
Fedhas
Trog
Vehumet
Yredelemnul
The Shining One

Shops:
D:4 ?   D:10 %


Innate Abilities, Weirdness & Mutations

You heal slowly.
You can bottle blood from corpses.
You have razor-sharp teeth.*
You have supernaturally acute eyesight.
You can survive without breathing.*
Your mind is acute. (Int +2)
Your flesh is heat resistant.*


Message History

Nothing appears to happen.
The death yak completely misses you.
Drink which item? (? for menu, Esc to quit)
Okay, then.
Casting: Ensorcelled Hibernation
Confirm with . or Enter, or press ? or * to list all spells.
Aiming: Dazzling Spray
Press: ? - help, Shift-Dir - straight line, f - death yak
Aim: a death yak (severely wounded, poisoned, umbra)
The spray of energy hits the death yak.
The death yak is almost dead.
The death yak barely misses you.
Casting: Dazzling Spray
Confirm with . or Enter, or press ? or * to list all spells.
Aiming: Dazzling Spray
Press: ? - help, Shift-Dir - straight line, f/p - death yak
Aim: a death yak (almost dead, poisoned, umbra)
The spray of energy hits the death yak.
The death yak is almost dead.
The death yak gores you!!
You die...

##..#P#..........## ##^...
#.................# #..###
####..%......#.#..###
###..##
#.........######>..###...#..
###.......# #.......#.###
####..P## ####..####.....
#..%.## #.##..# ##.>.#
##...<.###...P.# #...#
#......@Y......# ###...#
#.....%.......## #....#.
##.....#.....## ##...#.
##....+.⌠..#.# #....#P
#....#......####Y.....
###P.#......##....#.P.
##...##.......Y##...
#P.....#...⌠...##.(.
#...##.#.......###..


You could see a death yak.

Vanquished Creatures
  Maud (Lair:3)
  A hydra (Lair:4)
  7 death yaks
  3 hill giants (D:10)
  The ghost of Vidiiot the Cleaver, an experienced DDBe of Trog (D:8)
  An oklob plant (Lair:3)
  The ghost of letownia the Cudgeler, an experienced KoWr (D:5)
  A gargoyle (D:10)
  5 spiny frogs
  A torpor snail (Lair:4)
  A black mamba (Lair:2)
  6 komodo dragons
  A queen ant (Lair:2)
  A fire drake (Lair:3)
  4 blink frogs (Lair:3)
  3 basilisks
  21 yaks
  A hill giant skeleton (D:10)
  A steam dragon (Lair:4)
  4 hippogriffs
  4 wolves (Lair:2)
  The ghost of letownia the Cudgeler, an average KoWr (D:3)
  5 soldier ants (Lair:2)
  A swamp drake (D:9)
  3 phantoms
  7 porcupines
  7 water moccasins
  An ice beast (D:9)
  4 sky beasts
  6 orc warriors
  7 crocodiles
  An ogre (D:8)
  2 centaurs (D:9)
  6 giant frogs
  A big kobold (D:8)
  Blork the orc (D:5)
  3 crimson imps
  9 wights
  A giant frog zombie (D:5)
  3 goliath beetles
  11 hounds
  2 orc priests
  An electric eel (Lair:4)
  Crazy Yiuf (D:2)
  3 iguanas
  A two-headed ogre zombie (D:9)
  A jelly (D:7)
  A quasit (D:10)
  12 worker ants
  10 orc wizards
  12 sheep
  Ijyb (D:2)
  An ogre skeleton (D:8)
  7 gnolls
  21 green rats
  17 adders
  A shadow imp (D:5)
  6 worms
  2 giant mites
  6 giant geckos
  2 oozes
  37 orcs
  A ball python (D:1)
  A bat skeleton (D:5)
  7 giant cockroaches
  12 goblins
  20 hobgoblins
  9 jackals
  25 kobolds
  17 quokkas
  15 bats
  A giant gecko skeleton (D:7)
  6 giant newts
  A jackal skeleton (D:5)
  2 orc skeletons
  20 rats
  5 ballistomycetes (D:9)
  A plant (Lair:3)
  5 toadstools (Lair:3)
442 creatures vanquished.

Vanquished Creatures (collateral kills)
  A bat (D:9)
  A giant spore (D:9)
2 creatures vanquished.

Vanquished Creatures (others)
  A giant spore (D:9)
  A fungus (Lair:3)
  6 plants (D:8)
  11 toadstools (Lair:3)
19 creatures vanquished.

Grand Total: 463 creatures vanquished

Notes
Turn   | Place    | Note
--------------------------------------------------------------
     0 | D:1      | PolkaDot, the Vampire Enchanter, began the quest for the Orb.
     0 | D:1      | Reached XP level 1. HP: 13/13 MP: 3/3
   357 | D:1      | Reached XP level 2. HP: 10/19 MP: 1/4
  1078 | D:1      | Learned a level 2 spell: Ensorcelled Hibernation
  1249 | D:1      | Reached XP level 3. HP: 24/24 MP: 0/6
  1466 | D:1      | Reached skill level 1 in Ice Magic
  1951 | D:2      | Found a shadowy altar of Dithmenos.
  2183 | D:2      | Noticed Crazy Yiuf
  2188 | D:2      | Killed Crazy Yiuf
  2188 | D:2      | Reached XP level 4. HP: 30/30 MP: 4/7
  2287 | D:2      | Reached skill level 5 in Stealth
  2370 | D:2      | Found a basalt altar of Yredelemnul.
  2430 | D:2      | Noticed a moth of wrath
  2432 | D:2      | Found a bloodstained altar of Trog.
  2586 | D:2      | Noticed Ijyb
  2590 | D:2      | Killed Ijyb
  2590 | D:2      | Reached skill level 5 in Hexes
  2590 | D:2      | Reached XP level 5. HP: 35/35 MP: 9/9
  2597 | D:2      | Learned a level 3 spell: Confuse
  3683 | D:3      | Noticed letownia's ghost (average KoWr)
  3804 | D:3      | Killed letownia's ghost
  3804 | D:3      | Reached skill level 5 in Short Blades
  3804 | D:3      | Reached skill level 6 in Stealth
  3804 | D:3      | Reached XP level 6. HP: 29/41 MP: 6/10
  4666 | D:2      | Became a worshipper of Dithmenos the Shadowed
  4785 | D:4      | Reached XP level 7. HP: 28/46 MP: 8/12
  4889 | D:4      | Found a radiant altar of Vehumet.
  5124 | D:4      | Reached skill level 7 in Stealth
  5428 | D:4      | Found Ipuhamatt's Magic Scroll Shop.
  5431 | D:4      | Bought a scroll of identify for 22 gold pieces
  5431 | D:4      | Bought a scroll of identify for 22 gold pieces
  5431 | D:4      | Bought a scroll of identify for 22 gold pieces
  5482 | D:5      | Entered Level 5 of the Dungeon
  5584 | D:5      | Noticed Blork the orc
  5587 | D:5      | Killed Blork the orc
  5653 | D:5      | Noticed letownia's ghost (experienced KoWr)
  5774 | D:5      | Killed letownia's ghost
  5774 | D:5      | Reached skill level 8 in Stealth
  5774 | D:5      | Reached XP level 8. HP: 38/52 MP: 5/13
  6035 | D:5      | Learned a level 4 spell: Enslavement
  6799 | D:6      | Acquired Dithmenos' first power
  6921 | D:6      | Found a white marble altar of Elyvilon.
  7068 | D:6      | Reached skill level 9 in Stealth
  7126 | D:6      | Found a staircase to the Ecumenical Temple.
  7945 | D:7      | Reached XP level 9. HP: 57/57 MP: 14/14
  8300 | D:8      | Noticed Vidiiot's ghost (experienced DDBe)
  8332 | D:8      | Killed Vidiiot's ghost
  8332 | D:8      | Reached skill level 10 in Short Blades
  8332 | D:8      | Reached skill level 10 in Stealth
  8709 | D:8      | Reached skill level 10 in Hexes
  8855 | D:8      | Noticed a komodo dragon
  8870 | D:8      | Killed a komodo dragon
  8870 | D:8      | Reached skill level 11 in Stealth
  8917 | D:8      | Gained mutation: Your mind is acute. (Int +2) [potion of beneficial mutation]
  8930 | D:8      | Acquired Dithmenos' second power
  9055 | D:8      | Reached XP level 10. HP: 34/63 MP: 11/16
  9105 | D:8      | Found a glowing golden altar of the Shining One.
  9195 | D:8      | Found a staircase to the Lair.
  9328 | D:8      | Found a snail-covered altar of Cheibriados.
  9564 | D:9      | Learned a level 3 spell: Dazzling Spray
  9575 | D:9      | Found a staircase to the Orcish Mines.
  9770 | D:9      | Gained mutation: Your flesh is heat resistant. [potion of beneficial mutation]
  9873 | D:9      | Reached skill level 12 in Stealth
 10104 | D:9      | Acquired Dithmenos' third power
 10602 | D:10     | Entered Level 10 of the Dungeon
 10735 | D:10     | Found Acodiorgh's Food Shoppe.
 10856 | D:10     | Noticed a hill giant
 10860 | D:10     | Killed a hill giant
 10975 | D:10     | Noticed a hill giant
 10979 | D:10     | Killed a hill giant
 10979 | D:10     | Reached skill level 13 in Stealth
 11139 | D:10     | Noticed a hill giant
 11155 | D:10     | Killed a hill giant
 11155 | D:10     | Reached XP level 11. HP: 68/68 MP: 14/17
 11215 | D:10     | Learned a level 2 spell: Sure Blade
 11489 | Lair:1   | Entered Level 1 of the Lair of Beasts
 12055 | Lair:2   | Reached skill level 14 in Stealth
 12715 | Lair:2   | Got a faintly humming leather armour
 12991 | Lair:3   | Found a blossoming altar of Fedhas.
 13542 | Lair:3   | Reached skill level 15 in Stealth
 13578 | Lair:3   | Reached XP level 12. HP: 74/74 MP: 18/18
 13742 | Lair:3   | Noticed Maud
 13746 | Lair:3   | Noticed a death yak
 13747 | Lair:3   | Noticed a death yak
 13748 | Lair:3   | Noticed a death yak
 13750 | Lair:3   | Noticed a death yak
 13752 | Lair:3   | Noticed a death yak
 13752 | Lair:3   | Noticed a death yak
 13812 | Lair:3   | Killed Maud
 13824 | Lair:3   | Killed a death yak
 14162 | Lair:3   | Reached skill level 15 in Short Blades
 14329 | Lair:3   | Killed a death yak
 14731 | Lair:4   | Reached skill level 15 in Hexes
 14825 | Lair:4   | Acquired Dithmenos' fourth power
 14907 | Lair:4   | Noticed a seven-headed hydra
 14913 | Lair:4   | Killed a seven-headed hydra
 14913 | Lair:4   | Reached skill level 16 in Stealth
 14954 | Lair:4   | Identified the +1 leather armour "Blaet" {+Inv} (You found it on level 2 of the Lair of Beasts)
 15389 | Lair:4   | Reached skill level 1 in Evocations
 15524 | Lair:4   | HP: 3/74 [death yak (19)]
 15552 | Lair:4   | Mangled by a death yak

Action                   |  1- 3 |  4- 6 |  7- 9 | 10-12 || total
-------------------------+-------+-------+-------+-------++-------
Melee: Dagger            |   121 |   125 |   246 |   727 ||  1219
Throw: Throwing net      |       |       |     1 |     3 ||     4
 Cast: Corona            |    22 |     1 |       |       ||    23
       Ensorcelled Hiber |    17 |    53 |    70 |   115 ||   255
       Confuse           |       |     4 |    19 |    20 ||    43
       Enslavement       |       |       |       |     3 ||     3
       Dazzling Spray    |       |       |       |    23 ||    23
Invok: Shadow Step       |       |       |       |     6 ||     6
 Abil: Evoke Invisibilit |       |       |       |     2 ||     2
Evoke: Wand              |       |     1 |     1 |    13 ||    15
  Use: Scroll            |       |     4 |    12 |    17 ||    33
       Potion            |       |     2 |     4 |     9 ||    15
 Stab: Sleeping          |    20 |    39 |    77 |   147 ||   283
       Confused          |       |     4 |    16 |    13 ||    33
       Distracted        |       |       |     1 |     3 ||     4
       Held in net/web   |       |       |       |     2 ||     2
       Invisible         |       |       |       |     8 ||     8
  Eat: Corpse            |       |       |     1 |       ||     1
